 Dungeon Crawl Stone Soup version 0.29-a0-284-gf9362112df (webtiles) character file.

Game seed: 4445167880151873622

79 spaghetti the Slasher (level 4, 28/28 HPs)
             Began as a Tengu Berserker on Mar 25, 2022.
             Was an Initiate of Gozag.
             Quit the game on level 3 of the Dungeon.
             The game lasted 00:03:47 (2675 turns).

spaghetti the Slasher (Tengu Berserker)             Turns: 2675, Time: 00:03:47

Health: 28/28      AC:  2    Str: 17    XL:     4   Next: 37%
Magic:  5/5        EV: 13    Int:  7    God:    Gozag
Gold:   26         SH:  0    Dex: 16    Spells: 3/3 levels left

rFire   . . .      SeeInvis .   a - +0 falchion {long}
rCold   . . .      Faith    .   (no shield)
rNeg    . . .      Spirit   .   b - +0 animal skin
rPois   .          Reflect  .   (helmet restricted)
rElec   .          Harm     .   (no cloak)
rCorr   .          Rampage  .   (no gloves)
Will    .....                   (boots unavailable)
Stlth   +.........              (no amulet)
HPRegen 0.09/turn               (no ring)
MPRegen 0.09/turn               (no ring)

@: no status effects
A: beak, talons 3
a: Renounce Religion, Potion Petition, Call Merchant, Bribe Branch


You were on level 3 of the Dungeon.
You worshipped Gozag.
Gozag was noncommittal.
You visited 1 branch of the dungeon, and saw 3 of its levels.

You collected 93 gold pieces.
You paid 67 gold pieces to Gozag.


Innate Abilities, Weirdness & Mutations

You have a beak for a mouth.
You have claws for feet.


   Skills:
 + Level 3.6 Fighting
 * Level 4.6 Long Blades
 - Level 2.1 Armour
 + Level 3.0 Dodging


You had 3 spell levels left.
You didn't know any spells.
Your spell library was empty.

Inventory:

Hand Weapons
 a - a +0 falchion (weapon) {long}
Missiles
 g - 69 stones (quivered) {throwing}
 k - 4 poisoned darts {throwing}
 m - 3 boomerangs {throwing}
Armour
 b - a +0 animal skin (worn)
Scrolls
 c - a scroll of immolation {unknown}
 d - a scroll of enchant armour {unknown}
 e - a scroll of vulnerability {unknown}
 j - a scroll of fear {unknown}
 l - a scroll of enchant weapon {unknown}
Potions
 f - 2 potions of mutation {unknown}
 h - a potion of attraction {unknown}
 i - a potion of degeneration {unknown}
 n - a potion of heal wounds {unknown}

Dungeon Overview and Level Annotations

Branches:
Dungeon (3/15)

Altars:
Gozag
Qazlal

...... #8..8# ##....##
#.... #......# #....
#$r$J# ....##########
...#⌠.$....⌠# # $
..#.._.._..# #.
#######.#⌠..@...⌠#
#.###.......#........#
....#.#####.'########+..
#.#.#.#####............#
#..<.....##>####.##.###
###.#.##.##.........#
#.#.##.##..######.#
..#........# #
#############


You could see an endoplasm and a rat.


Message History

You kill the quokka!
Trog accepts your kill.
Your Dodging skill increases to level 3!
No target in view!
No target in view!
No target in view!
No target in view!
No target in view!
No target in view!
Key pressed, stopping explore.
An adder comes into view. 😎 HP[+3]
Your hp is fully restored (28).
An adder is nearby!
An adder is nearby!
The adder hisses angrily.
The adder barely misses you. The adder bites you. 😕 HP[-1]
You take 1 damage, and now have 27/28 hp.
You slash the adder! You peck the adder, but do no damage. The adder bites you.
You are poisoned.
The adder poisons you! 😕 HP[-2]
You take 2 damage, and now have 25/28 hp.
You barely miss the adder. Your kick misses the adder. You peck the adder.
You feel sick. The adder bites you.
You are more poisoned.
The adder poisons you! 😮 HP[-4]
You take 4 damage, and now have 21/28 hp.
A red film seems to cover your vision as you go berserk!
You feel yourself moving faster!
You feel mighty!
You feel sick. The adder closely misses you.
The adder bites you but does no damage. 😮 HP[+9]
You now have 42 max hp (+14).
You regained 9 hp, and now have 30/42 hp.
You barely miss the adder. Your kick misses the adder.
You feel sick. The adder closely misses you. 😮 HP[-2]
You take 2 damage, and now have 28/42 hp.
You slash the adder!
You kill the adder!
Trog accepts your kill.
You feel sick. 😮 HP[-1]
You take 1 damage, and now have 27/42 hp.
Found a stone staircase leading up.
You feel sick.
You see here an adder corpse. 😮 HP[-1]
You take 1 damage, and now have 26/42 hp.
You start resting.
You feel a strong urge to attack something.
You feel sick.
You feel your anger nearly subside.
You are no longer berserk.
You are exhausted.
You feel yourself slow down.
You feel sick. x3
You are no longer poisoned.
You feel yourself speed up.
You recover from your berserk rage. 😎 HP[+2]
You now have 28 max hp (-14).
Your hp is fully restored (28).
Unknown command.
You see here an adder corpse.
There is an open door here.
Key pressed, stopping explore.
Key pressed, stopping explore.
Done exploring.
(D) Dungeon
Where to? (Enter - D:2, ? - help)
There is a stone staircase leading down here.
You climb downwards.
There is a stone staircase leading up here.
Found a stone staircase leading down.
You now have 93 gold pieces (gained 8).
You open the door.
Found a stormy altar of Qazlal.
Found an opulent altar of Gozag.
There is an open door here.
There is a stormy altar of Qazlal here.
A rat comes into view.
There is an opulent altar of Gozag here.
You kneel at the altar of Gozag.
You have lost your religion!
Trog does not appreciate desertion!
Gozag welcomes you!
You pay a service fee of 67 gold.
Unknown command.
Press < or > to pray at altars.
The endoplasm quivers.
You see here 13 gold pieces.
A rat is nearby!
A rat is nearby!
A rat is nearby!
A rat is nearby!
A rat is nearby!
Unknown command.
No reachable target in view!
No reachable target in view!
Are you sure you want to abandon this character and quit the game? (Confirm with "yes".)

Skill      XL: |  1  2  3  4 |
---------------+-------------+-----
Long Blades    | 4 |  4.6
Dodging        | 3 |  3.0
Fighting       | |  3.6
Armour         | |  2.1

Action                   |  1- 3 |  4- 6 || total
-------------------------+-------+-------++-------
Melee: Falchion          |    55 |    19 ||    74
       Kick              |    11 |     2 ||    13
       Peck              |     3 |     2 ||     5
Invok: Berserk           |     2 |     1 ||     3
  Use: Scroll            |     1 |       ||     1
 Stab: Sleeping          |       |     1 ||     1
Armor: Animal skin       |    19 |     5 ||    24
Dodge: Dodged            |    35 |    12 ||    47

Levels and vault maps discovered:
D:1:      minmay_arrival_five_plusses, layout_basic, st_stairs_7
D:2:      layout_basic, minmay_tetromino_l4
D:3:      layout_loops_cross, jmf_multi_god_temple,
          hellmonk_ecumenical_altar_run_dry, uniq_grinder

Notes
Turn   | Place    | Note
-------+----------+-------------------------------------------
     0 | D:1      | spaghetti the Tengu Berserker began the quest for the Orb.
     0 | D:1      | Reached XP level 1. HP: 14/14 MP: 2/2
     0 | D:1      | magus.rc [v1.9.6]
   179 | D:1      | Reached XP level 2. HP: 17/19 MP: 3/3
  1016 | D:1      | Reached XP level 3. HP: 23/23 MP: 4/4
  1021 | D:1      | Reached skill level 4 in Long Blades
  1565 | D:2      | Reached ** piety under Trog
  1568 | D:2      | Reached XP level 4. HP: 18/28 MP: 5/5
  2341 | D:2      | Reached skill level 3 in Dodging
  2664 | D:3      | Found a stormy altar of Qazlal.
  2665 | D:3      | Found an opulent altar of Gozag.
  2672 | D:3      | Fell from the grace of Trog
  2672 | D:3      | Became a worshipper of Gozag Ym Sagoz the Greedy
  2675 | D:3      | Quit the game

Vanquished Creatures
  4 adders (D:2)
  2 dart slugs (D:1)
  2 endoplasms (D:1)
  2 giant cockroaches (D:1)
  4 goblins
  4 hobgoblins
  2 jackals (D:1)
  A quokka (D:2)
  5 ball pythons (D:1)
  3 bats (D:1)
  A frilled lizard (D:1)
  A kobold (D:2)
  6 rats
37 creatures vanquished.

Table legend:
 A = Non-vault XP
 B = Vault XP
 C = Vault XP percentage of total XP
 D = Non-vault monster count
 E = Vault monster count
 F = Vault count percentage of total count
                 A         B        C        D         E       F
            +---------+---------+-------+---------+---------+-------
      Total |      80 |      33 |  29.2 |      31 |       6 |  16.2
            +---------+---------+-------+---------+---------+-------
        D:1 |      40 |       4 |   9.1 |      21 |       2 |   8.7
        D:2 |      40 |      29 |  42.0 |      10 |       4 |  28.6
            +---------+---------+-------+---------+---------+-------

Illustrated notes

Table legend:
 A = Kills in this place as a percentage of kills in entire the game.
 B = Kills by you in this place as a percentage of kills by you in the entire game.
 C = Kills by friends in this place as a percentage of kills by friends in the entire game.
 D = Other kills in this place as a percentage of other kills in the entire game.
 E = Experience gained in this place as a percentage of experience gained in the entire game.
 F = Experience gained in this place divided by the number of levels of this place that you have seen.
                   A       B       C       D       E      F
               +-------+-------+-------+-------+-------+----------------------
         Total | 100.0 | 100.0 |   N/A |   N/A | 100.0 |  37.7
       Dungeon | 100.0 | 100.0 |   N/A |   N/A | 100.0 |  37.7
               +-------+-------+-------+-------+-------+----------------------

Table legend: (Time is in decaauts)
 A = Elapsed time spent in this place.
 B = Non-inter-level travel time spent in this place.
 C = Inter-level travel time spent in this place.
 D = Time resting spent in this place.
 E = Time spent auto-exploring this place.
 F = Levels seen in this place.
 G = Mean time per level.
                   A        B        C        D        E       F      G
               +--------+--------+--------+--------+--------+-----+--------+
         Total |   2709 |   2683 |     26 |    699 |   1728 |   3 |  903.0 |
       Dungeon |   2709 |   2683 |     26 |    699 |   1728 |   3 |  903.0 |
               +--------+--------+--------+--------+--------+-----+--------+

Top non-repeatable levels by time:
     D:1: 1408 daAuts
     D:2: 1262 daAuts
     D:3: 38 daAuts
